 Dungeon Crawl Stone Soup version 0.31-a0-536-ga3e2962e35 (webtiles) character file.

Game seed: 11853071700294805700

30 Ethylacetat the Slasher (level 3, -4/25 HPs)
             Began as an Octopode Gladiator on Aug 13, 2023.
             Slain by a gnoll
             ... wielding a +0 club
             ... created by the fury of Okawaru
              (5 damage)
             ... on level 2 of the Dungeon.
             The game lasted 00:01:40 (901 turns).

Ethylacetat the Slasher (Octopode Gladiator)         Turns: 901, Time: 00:01:41

Health: -4/25      AC:  1    Str: 13    XL:     3   Next: 20%
Magic:  3/3        EV: 14    Int: 10    God:
Gold:   14         SH:  0    Dex: 15    Spells: 2/2 levels left

rFire   . . .        a - +0 long sword
rCold   . . .        (no shield)
rNeg    . . .        b - +0 hat
rPois   .            (no amulet)
rElec   .            (no ring)
rCorr   .            (no ring)
SInv    .            (no ring)
Will    .....        (no ring)
Stlth   +++          (no ring)
HPRegen 0.24/turn    (no ring)
MPRegen 0.08/turn    (no ring)
                     (no ring)

%: no passive effects
@: no status effects
A: almost no armour, amphibious, 8 rings, camouflage 1, gelatinous body 1,
(nimble swimmer 1), tentacles
a: no special abilities


You were on level 2 of the Dungeon.
You visited 1 branch of the dungeon, and saw 2 of its levels.

You collected 14 gold pieces.

Inventory:

Hand Weapons
 a - a +0 long sword (weapon)
Missiles
 c - 3 throwing nets (quivered)
 d - a javelin
Armour
 b - a +0 hat (worn)
Scrolls
 g - a scroll of blinking {unknown}
 h - 2 scrolls of vulnerability {unknown}
 i - a scroll of teleportation {unknown}
Potions
 e - a potion of might {unknown}
 f - a potion of attraction {unknown}


   Skills:
 + Level 2.4 Fighting
 + Level 3.3 Long Blades
 - Level 2.0 Throwing
 + Level 3.3 Dodging
 + Level 1.8 Stealth


You had 2 spell levels left.
You didn't know any spells.
Your spell library was empty.

Dungeon Overview and Level Annotations

Branches:
Dungeon (2/15)

Altars:
Okawaru


Innate Abilities, Weirdness & Mutations

You cannot wear most types of armour.
You are amphibious.
You can wear up to eight rings at the same time.
Your skin changes colour to match your surroundings (Stealth+).
Your rubbery body absorbs attacks. (AC +1, EV +1)
((You are camouflaged when in or above water. (Stealth+)))
You have tentacles for arms and can constrict up to eight enemies at once.


Message History

Okawaru sends forces against you! The divine experience confuses you!
You are confused. 3 gnolls come into view.
You are too confused!
There are monsters nearby!
You are too confused!
There are monsters nearby!
You are too confused!
There are monsters nearby!
You are too confused!
Okay, then.
You completely miss the gnoll.
The gnoll shouts! x2
You miss the gnoll. The gnoll hits you with a +0 club. The gnoll misses you.
The gnoll attacks as you move away! The gnoll completely misses you.
The gnoll hits you with a +0 club!
You slash the gnoll!
The gnoll is severely wounded.
The gnoll hits you with a +0 club.
You bump into the rock wall.
The gnoll misses you. The gnoll barely misses you.
You hit the gnoll.
The gnoll is moderately wounded.
The gnoll misses you. The gnoll closely misses you.
You bump into the rock wall.
You feel less confused. The gnoll closely misses you.
The gnoll hits you with a +0 whip. The gnoll attacks as you move away!
The gnoll completely misses you. The gnoll attacks as you move away!
The gnoll misses you. The gnoll attacks as you move away! The gnoll misses you.
The gnoll attacks as you move away! The gnoll hits you with a +0 club.
* * * LOW HITPOINT WARNING * * *
A bat comes into view.
The gnoll attacks as you move away! The gnoll hits you with a +0 club.
* * * LOW HITPOINT WARNING * * *
The bat barely misses you. The bat hits you but does no damage.
The bat closely misses you. The bat hits you.
* * * LOW HITPOINT WARNING * * *
The gnoll attacks as you move away! The gnoll hits you with a +0 club.
You die...

...####### ###.#
.#g....... ....#
.#.##...## #...# .#.#
..# #...#
.#.#############...####.
..........g.g...........
.#.#############b..####
+# .#.# #.g.# ###.# .#.#
. #@..###...###+# ##.#
..######...#..........
#.#
...........#.♣.♣......
#.#
#........<.'.._.......
#.#
#..!........)♣.♣......
#.#
#..........+..........
##.#
#..........###........
.#.# #..........#
######### .#.##
#..........########


You could see a gnoll and a bat.

Vanquished Creatures
  A worm (D:2)
  2 endoplasms
  A goblin (D:1)
  3 hobgoblins
  2 quokkas (D:1)
  2 ball pythons
  4 bats
  3 frilled lizards (D:1)
  6 kobolds (D:1)
  4 rats
28 creatures vanquished.

Notes
Turn   | Place    | Note
-------+----------+-------------------------------------------
     0 | D:1      | Ethylacetat the Octopode Gladiator began the quest for the
                  | Orb.
     0 | D:1      | Reached XP level 1. HP: 14/14 MP: 1/1
   163 | D:1      | Reached skill level 1 in Stealth
   163 | D:1      | Reached XP level 2. HP: 19/19 MP: 2/2
   687 | D:2      | Found a faded altar of an unknown god.
   700 | D:2      | Prayed at the altar of an unknown god.
   700 | D:2      | Became a worshipper of Warmaster Okawaru
   700 | D:2      | Reached * piety under Okawaru
   701 | D:2      | Fell from the grace of Okawaru
   730 | D:2      | Reached XP level 3. HP: 22/25 MP: 3/3
   898 | D:2      | HP: 1/25 [gnoll/+0 club[the fury of Okawaru] (5)]
   901 | D:2      | Slain by a gnoll

Illustrated notes

Levels and vault maps discovered:
D:1:      dpeg_arrival_short_road, layout_basic, chequers_avenue,
          minmay_heptomino_o4
D:2:      layout_basic, chequers_ecumenical_altar_simple

Skill      XL: |  1 |
---------------+----+-----
Stealth        | 1 |  1.8
Fighting       | |  2.4
Long Blades    | |  3.3
Throwing       | |  2.0
Dodging        | |  3.3

Action                     || total
---------------------------++-------
  Melee: Long sword        ||    52
         Constrict         ||    15
         Tentacles         ||     8
 Invoke: Renounce Religion ||     1
   Stab: Sleeping          ||    10
 Armour: Skin              ||     2
  Dodge: Dodged            ||    37

Table legend: (Time is in decaauts)
 A = Elapsed time spent in this place.
 B = Non-inter-level travel time spent in this place.
 C = Inter-level travel time spent in this place.
 D = Time resting spent in this place.
 E = Time spent auto-exploring this place.
 F = Levels seen in this place.
 G = Mean time per level.
                   A        B        C        D        E       F      G
               +--------+--------+--------+--------+--------+-----+--------+
         Total |    913 |    904 |      9 |      0 |    690 |   2 |  456.5 |
       Dungeon |    913 |    904 |      9 |      0 |    690 |   2 |  456.5 |
               +--------+--------+--------+--------+--------+-----+--------+

Top non-repeatable levels by time:
     D:1: 693 daAuts
     D:2: 219 daAuts
